| TOP OF THE 1ST |
|
Lake County Captains batting - Pitching for West Michigan Whitecaps : RHP Jason Mucci
|
|
Pitching: RHP Jason Mucci
|
|
|
Batting: RHB Toki Takeuchi
|
0-0: Ground out 6-3 (Groundball, 6, EV 80.6 MPH)
|
|
Batting: LHB Yasuo Igarashi
|
0-0: Called Strike 0-1: Ball 1-1: Ball 2-1: Ball 3-1: Swinging Strike 3-2: Ground out U3 (Groundball, 34S, EV 66.3 MPH)
|
|
Batting: LHB Tim Fuller
|
0-0: Ball 1-0: Ball 2-0: Ground out 6-3 (Groundball, 6, EV 90.0 MPH)
|
| Top of the 1st over - 0 runs, 0 hits, 0 errors, 0 left on base; Lake County 0 - West Michigan 0 |
| BOTTOM OF THE 1ST |
|
West Michigan Whitecaps batting - Pitching for Lake County Captains : RHP Bruce Poff
|
|
Pitching: RHP Bruce Poff
|
|
|
Batting: LHB Jeff Trapp
|
0-0: Ball 1-0: Ball 2-0: Called Strike 2-1: Ball 3-1: Foul Ball, location: 2F 3-2: Base on Balls
|
|
Batting: RHB Jon Pierce
|
0-0: Called Strike 0-1: Ball 1-1: Ball Jeff Trapp is caught stealing 2nd base 2-4 2-1: Called Strike 2-2: Ball 3-2: Strikes out looking
|
|
Batting: SHB Andy Vivas
|
0-0: Ball 1-0: Called Strike 1-1: Ball 2-1: Foul Ball, location: 2F 2-2: Strikes out swinging, 2-3 out at first.
|
| Bottom of the 1st over - 0 runs, 0 hits, 0 errors, 0 left on base; Lake County 0 - West Michigan 0 |
| TOP OF THE 2ND |
|
Lake County Captains batting - Pitching for West Michigan Whitecaps : RHP Jason Mucci
|
|
Batting: LHB Justin Rankin
|
0-0: Called Strike 0-1: Ball 1-1: Swinging Strike 1-2: Foul Ball, location: 2F 1-2: Strikes out swinging
|
|
Batting: RHB Danny Millsaps
|
0-0: Called Strike 0-1: Ball 1-1: Ground out 4-3 (Groundball, 4, EV 100.0 MPH)
|
|
Batting: RHB Adrian Martinelli
|
0-0: Called Strike 0-1: Swinging Strike 0-2: Ball 1-2: Strikes out swinging
|
| Top of the 2nd over - 0 runs, 0 hits, 0 errors, 0 left on base; Lake County 0 - West Michigan 0 |
| BOTTOM OF THE 2ND |
|
West Michigan Whitecaps batting - Pitching for Lake County Captains : RHP Bruce Poff
|
|
Batting: RHB Bill Cabrera
|
0-0: Called Strike 0-1: Swinging Strike 0-2: Ball 1-2: Ball 2-2: Ball 3-2: Foul Ball, location: 2F 3-2: DOUBLE (Flyball, 8LXD, EV 92.5 MPH)
|
|
Batting: RHB Vince Chipman
|
0-0: Ground out 4-3 (Groundball, 4, EV 106.9 MPH) Bill Cabrera to third
|
|
Batting: RHB Jordan Hall
|
0-0: Called Strike 0-1: Ball 1-1: Swinging Strike 1-2: Ball 2-2: Foul Ball, location: 2F 2-2: Ball 3-2: Strikes out swinging
|
|
Batting: RHB Sergio Valbuena
|
0-0: Ball 1-0: Ball 2-0: Foul Ball, location: 2F 2-1: Called Strike 2-2: Reached on error, E5 (Groundball, 56S, EV 87.5 MPH) Bill Cabrera scores
|
|
Batting: RHB Rocky Hart
|
0-0: Ball 1-0: Called Strike 1-1: Called Strike 1-2: Strikes out looking
|
| Bottom of the 2nd over - 1 run, 1 hit, 1 error, 1 left on base; Lake County 0 - West Michigan 1 |
| TOP OF THE 3RD |
|
Lake County Captains batting - Pitching for West Michigan Whitecaps : RHP Jason Mucci
|
|
Batting: LHB Danny Moreno
|
0-0: Swinging Strike 0-1: Swinging Strike 0-2: Strikes out swinging
|
|
Batting: LHB Ubbe de Bruin
|
0-0: Swinging Strike 0-1: SINGLE (Groundball, 56D, EV 106.3 MPH)
|
|
Batting: LHB Alan Kelly
|
0-0: Ball 1-0: Foul Ball, location: 2F 1-1: Foul Ball, location: 2F 1-2: Strikes out swinging
|
|
Batting: RHB Toki Takeuchi
|
0-0: Called Strike 0-1: Ball 1-1: Called Strike Ubbe de Bruin steals 2nd base 1-2: Ball 2-2: Strikes out swinging
|
| Top of the 3rd over - 0 runs, 1 hit, 0 errors, 1 left on base; Lake County 0 - West Michigan 1 |
| BOTTOM OF THE 3RD |
|
West Michigan Whitecaps batting - Pitching for Lake County Captains : RHP Bruce Poff
|
|
Batting: RHB Jamie Bass
|
0-0: Ball 1-0: Swinging Strike 1-1: Foul Ball, location: 2F 1-2: Ball 2-2: Foul Ball, location: 2F 2-2: Ball 3-2: SINGLE (Groundball, 34D, EV 97.5 MPH)
|
|
Batting: LHB Jeff Trapp
|
0-0: Ground out 6-3 (Groundball, 6S, EV 74.4 MPH) Jamie Bass to second
|
|
Batting: RHB Jon Pierce
|
0-0: Ball 1-0: Foul Ball, location: 2F 1-1: Ball 2-1: Foul Ball, location: 2F 2-2: Foul Ball, location: 2F 2-2: Strikes out swinging
|
|
Batting: SHB Andy Vivas
|
0-0: Foul Ball, location: 2F 0-1: Ball 1-1: Foul Ball, location: 2F 1-2: Strikes out swinging
|
| Bottom of the 3rd over - 0 runs, 1 hit, 0 errors, 1 left on base; Lake County 0 - West Michigan 1 |
| TOP OF THE 4TH |
|
Lake County Captains batting - Pitching for West Michigan Whitecaps : RHP Jason Mucci
|
|
Batting: LHB Yasuo Igarashi
|
0-0: Ball 1-0: Ball 2-0: Ball 3-0: Base on Balls
|
|
Batting: LHB Tim Fuller
|
0-0: Ball Yasuo Igarashi is caught stealing 2nd base 2-6 1-0: Ball 2-0: Ball 3-0: Base on Balls
|
|
Batting: LHB Justin Rankin
|
0-0: Ball Tim Fuller steals 2nd base 1-0: Ball Tim Fuller steals 3rd base 2-0: Ball 3-0: Called Strike 3-1: Called Strike 3-2: Strikes out swinging
|
|
Batting: RHB Danny Millsaps
|
0-0: Ball 1-0: Called Strike 1-1: Ball 2-1: Fly out, F8 (Flyball, 8RM, EV 88.8 MPH)
|
| Top of the 4th over - 0 runs, 0 hits, 0 errors, 1 left on base; Lake County 0 - West Michigan 1 |
| BOTTOM OF THE 4TH |
|
West Michigan Whitecaps batting - Pitching for Lake County Captains : RHP Bruce Poff
|
|
Batting: RHB Bill Cabrera
|
0-0: Called Strike 0-1: Foul Ball, location: 2F 0-2: Strikes out swinging
|
|
Batting: RHB Vince Chipman
|
0-0: Ball 1-0: Ball 2-0: Ball 3-0: Foul Ball, location: 2F 3-1: Foul Ball, location: 2F 3-2: Ground out 2-3 (Groundball, 2R, EV 72.5 MPH)
|
|
Batting: RHB Jordan Hall
|
0-0: Ball 1-0: Foul Ball, location: 2F 1-1: Ground out 6-3 (Groundball, 56, EV 85.6 MPH)
|
| Bottom of the 4th over - 0 runs, 0 hits, 0 errors, 0 left on base; Lake County 0 - West Michigan 1 |
| TOP OF THE 5TH |
|
Lake County Captains batting - Pitching for West Michigan Whitecaps : RHP Jason Mucci
|
|
Batting: RHB Adrian Martinelli
|
0-0: Called Strike 0-1: Swinging Strike 0-2: Ball 1-2: Strikes out swinging
|
|
Batting: LHB Danny Moreno
|
0-0: Swinging Strike 0-1: Ball 1-1: Ball 2-1: Foul Ball, location: 2F 2-2: Foul Ball, location: 2F 2-2: Ball 3-2: Strikes out swinging
|
|
Batting: LHB Ubbe de Bruin
|
0-0: Ball 1-0: SINGLE (Groundball, 4D, EV 104.4 MPH)
|
|
Batting: LHB Alan Kelly
|
0-0: Ball Ubbe de Bruin steals 2nd base 1-0: Ball 2-0: Ground out U3 (Groundball, 34S, EV 65.6 MPH)
|
| Top of the 5th over - 0 runs, 1 hit, 0 errors, 1 left on base; Lake County 0 - West Michigan 1 |
| BOTTOM OF THE 5TH |
|
West Michigan Whitecaps batting - Pitching for Lake County Captains : RHP Bruce Poff
|
|
Batting: RHB Sergio Valbuena
|
0-0: Called Strike 0-1: Ball 1-1: Called Strike 1-2: Strikes out swinging
|
|
Batting: RHB Rocky Hart
|
0-0: Ball 1-0: Ball 2-0: Ball 3-0: Called Strike 3-1: Called Strike 3-2: Strikes out swinging
|
|
Batting: RHB Jamie Bass
|
0-0: Called Strike 0-1: Foul Ball, location: 2F 0-2: Ground out 1-3 (Groundball, 34S, EV 67.5 MPH)
|
| Bottom of the 5th over - 0 runs, 0 hits, 0 errors, 0 left on base; Lake County 0 - West Michigan 1 |
| TOP OF THE 6TH |
|
Lake County Captains batting - Pitching for West Michigan Whitecaps : RHP Jason Mucci
|
|
Batting: RHB Toki Takeuchi
|
0-0: Ball 1-0: DOUBLE (Line Drive, 78M, EV 113.1 MPH)
|
|
Batting: LHB Yasuo Igarashi
|
0-0: Ball 1-0: Called Strike 1-1: Called Strike 1-2: Ball 2-2: Foul Ball, location: 2F 2-2: Strikes out looking
|
|
Batting: LHB Tim Fuller
|
0-0: Called Strike 0-1: Ball 1-1: Swinging Strike 1-2: Strikes out swinging
|
|
Batting: LHB Justin Rankin
|
0-0: Called Strike 0-1: Ground out 4-3 (Groundball, 34D, EV 108.8 MPH)
|
| Top of the 6th over - 0 runs, 1 hit, 0 errors, 1 left on base; Lake County 0 - West Michigan 1 |
| BOTTOM OF THE 6TH |
|
West Michigan Whitecaps batting - Pitching for Lake County Captains : RHP Bruce Poff
|
|
Pitching: RHP Tatsuhito Shiota
|
|
|
Batting: LHB Jeff Trapp
|
0-0: Called Strike 0-1: Called Strike 0-2: Ball 1-2: Ball 2-2: Foul Ball, location: 2F 2-2: Ball 3-2: Base on Balls
|
|
Batting: RHB Jon Pierce
|
0-0: Called Strike 0-1: Ball 1-1: Ball 2-1: Foul Ball, location: 2F 2-2: SINGLE (Line Drive, 9S, EV 104.4 MPH) Jeff Trapp to second
|
|
Batting: SHB Andy Vivas
|
0-0: DOUBLE (Groundball, 3L, EV 104.4 MPH) Jeff Trapp scores Jon Pierce to third
|
|
Batting: RHB Bill Cabrera
|
0-0: Ball 1-0: Ball 2-0: Foul Ball, location: 2F 2-1: Swinging Strike 2-2: Ball 3-2: Foul Ball, location: 2F 3-2: Base on Balls
|
|
Batting: RHB Vince Chipman
|
0-0: Ball 1-0: Fly out, F9 (Flyball, 9D, EV 103.8 MPH) Runner from 3rd tags up, OUT at HOME! 9-2 Andy Vivas to third Bill Cabrera to second
|
|
Pitching: LHP Alcander Magos
|
|
|
Batting: RHB Jordan Hall
|
0-0: Foul Ball, location: 2F 0-1: Swinging Strike 0-2: Strikes out looking
|
| Bottom of the 6th over - 1 run, 2 hits, 0 errors, 2 left on base; Lake County 0 - West Michigan 2 |
| TOP OF THE 7TH |
|
Lake County Captains batting - Pitching for West Michigan Whitecaps : RHP Jason Mucci
|
|
Batting: RHB Danny Millsaps
|
0-0: Ball 1-0: Called Strike 1-1: Ball 2-1: Ground out 5-3 (Groundball, 5, EV 82.5 MPH)
|
|
Batting: RHB Adrian Martinelli
|
0-0: Fly out, F5 (Line Drive, 5, EV 66.3 MPH)
|
|
Batting: LHB Danny Moreno
|
0-0: Called Strike 0-1: Ball 1-1: Foul Ball, location: 2F 1-2: Ball 2-2: Ball 3-2: Strikes out swinging
|
| Top of the 7th over - 0 runs, 0 hits, 0 errors, 0 left on base; Lake County 0 - West Michigan 2 |
| BOTTOM OF THE 7TH |
|
West Michigan Whitecaps batting - Pitching for Lake County Captains : LHP Alcander Magos
|
|
Batting: RHB Sergio Valbuena
|
0-0: Ball 1-0: Foul Ball, location: 2F 1-1: SINGLE (Groundball, 3D, EV 103.8 MPH)
|
|
Batting: RHB Rocky Hart
|
0-0: Sac Bunt to 13 - play at first, batter OUT! 1-3 Sergio Valbuena to second
|
|
Batting: RHB Jamie Bass
|
0-0: Intentional Walk
|
|
Batting: LHB Jeff Trapp
|
0-0: Ball 1-0: SINGLE (Line Drive, 8RS, EV 105.6 MPH) Sergio Valbuena to third Jamie Bass to second
|
|
Batting: RHB Jon Pierce
|
0-0: Ball 1-0: Ball 2-0: Ball 3-0: Base on Balls Sergio Valbuena scores Jamie Bass to third Jeff Trapp to second
|
|
Batting: SHB Andy Vivas
|
0-0: Hit by Pitch Jamie Bass scores Jeff Trapp to third Jon Pierce to second
|
|
Batting: RHB Bill Cabrera
|
0-0: Reached on error, E5 (Groundball, 56S, EV 66.9 MPH) Jeff Trapp scores Jon Pierce to third Andy Vivas to second
|
|
Batting: RHB Vince Chipman
|
0-0: SINGLE (Groundball, 6MD, EV 110.0 MPH) Jon Pierce scores Andy Vivas to third Bill Cabrera to second Runner from 3rd tries for Home, SAFE, throw by CF to home
|
|
Pitching: LHP Aaron Manees
|
|
|
Batting: RHB Jordan Hall
|
0-0: Ball 1-0: Fly out, F9 (Flyball, 9LS, EV 89.4 MPH)
|
|
Batting: RHB Sergio Valbuena
|
0-0: Fly out, F9 (Line Drive, 9D, EV 95.0 MPH)
|
| Bottom of the 7th over - 5 runs, 3 hits, 1 error, 2 left on base; Lake County 0 - West Michigan 7 |
| TOP OF THE 8TH |
|
Lake County Captains batting - Pitching for West Michigan Whitecaps : RHP Jason Mucci
|
|
Batting: LHB Ubbe de Bruin
|
0-0: Called Strike 0-1: Ball 1-1: Ball 2-1: Swinging Strike 2-2: Ball 3-2: Fly out, F8 (Flyball, 8LS, EV 86.3 MPH)
|
|
Pitching: RHP Vince Stocker
|
|
|
Batting: LHB Alan Kelly
|
0-0: Ground out 1-3 (Groundball, 15, EV 69.4 MPH)
|
|
Batting: RHB Toki Takeuchi
|
0-0: Ball 1-0: Called Strike 1-1: Ball 2-1: Ball 3-1: TRIPLE (Flyball, 78XD, EV 98.8 MPH)
|
|
Batting: LHB Yasuo Igarashi
|
0-0: Ground out 4-3 (Groundball, 4, EV 82.5 MPH)
|
| Top of the 8th over - 0 runs, 1 hit, 0 errors, 1 left on base; Lake County 0 - West Michigan 7 |
| BOTTOM OF THE 8TH |
|
West Michigan Whitecaps batting - Pitching for Lake County Captains : LHP Aaron Manees
|
|
Batting: RHB Rocky Hart
|
0-0: Swinging Strike 0-1: Foul Ball, location: 2F 0-2: Foul Ball, location: 2F 0-2: Ball 1-2: Ball 2-2: Foul Ball, location: 2F 2-2: Foul Ball, location: 2F 2-2: Strikes out looking
|
|
Batting: RHB Jamie Bass
|
0-0: Ball 1-0: Ball 2-0: Ball 3-0: Base on Balls
|
|
Batting: LHB Jeff Trapp
|
0-0: Called Strike 0-1: Swinging Strike 0-2: Fly out, F8 (Flyball, 8LXD, EV 98.1 MPH)
|
|
Batting: RHB Jon Pierce
|
0-0: Ball 1-0: Swinging Strike 1-1: Swinging Strike 1-2: Ball 2-2: SINGLE (Groundball, 56S, EV 70.6 MPH) (infield hit) Jamie Bass to second
|
|
Batting: SHB Andy Vivas
|
0-0: Ball 1-0: Ball Wild Pitch! Jamie Bass to third Jon Pierce to second 2-0: SINGLE (Groundball, 34D, EV 100.0 MPH) Jamie Bass scores Jon Pierce to third Runner from 3rd tries for Home, SAFE, throw by RF to home
|
|
Batting: RHB Bill Cabrera
|
0-0: Called Strike 0-1: Called Strike 0-2: Strikes out swinging
|
| Bottom of the 8th over - 2 runs, 2 hits, 0 errors, 1 left on base; Lake County 0 - West Michigan 9 |
| TOP OF THE 9TH |
|
Lake County Captains batting - Pitching for West Michigan Whitecaps : RHP Vince Stocker
|
|
Batting: LHB Tim Fuller
|
0-0: Foul Ball, location: 2F 0-1: Foul Ball, location: 2F 0-2: Strikes out swinging
|
|
Batting: LHB Justin Rankin
|
0-0: Ball 1-0: Foul Ball, location: 2F 1-1: Ball 2-1: Called Strike 2-2: Strikes out looking
|
|
Batting: RHB Danny Millsaps
|
0-0: Foul Ball, location: 2F 0-1: Called Strike 0-2: Ball 1-2: Strikes out swinging, 2-3 out at first.
|
| Top of the 9th over - 0 runs, 0 hits, 0 errors, 0 left on base; Lake County 0 - West Michigan 9 |
|